 Dungeon Crawl Stone Soup version 0.26.0-11-g8f856b5395 (webtiles) character file.

Game seed: 3621305350119359519

461 Marvel the Chopper (level 7, -2/60 HPs)
             Began as a Hill Orc Fighter on Jan 15, 2021.
             Killed by divine providence
             ... invoked by an orc priest
              (12 damage)
             ... on level 4 of the Dungeon.
             The game lasted 00:03:20 (2806 turns).

Marvel the Chopper (Hill Orc Fighter)               Turns: 2806, Time: 00:03:21

Health: -2/60      AC:  8    Str: 21    XL:     7   Next: 7%
Magic:  7/7        EV:  8    Int:  8    God:
Gold:   183        SH:  9    Dex: 10    Spells: 6/6 levels left

rFire    . . .     SeeInvis .   a - +0 war axe
rCold    . . .     Faith    .   c - +0 kite shield
rNeg     . . .     Spirit   .   b - +0 scale mail
rPois    .         Reflect  .   (no helmet)
rElec    .         Harm     .   (no cloak)
rCorr    .         Rampage  .   u - +0 pair of gloves
Will     .....                  (no boots)
Stlth    ..........             (no amulet)
HPRegen  0.20/turn              (no ring)
MPRegen  0.10/turn              (no ring)

@: no status effects
A: no striking features
a: Convert to Beogh


You were on level 4 of the Dungeon.
You visited 1 branch of the dungeon, and saw 4 of its levels.

You collected 183 gold pieces.

Inventory:

Hand Weapons
 a - a +0 war axe (weapon)
Armour
 b - a +0 scale mail (worn)
 c - a +0 kite shield (worn)
 u - a +0 pair of gloves (worn)
Jewellery
 j - an uncursed ring of stealth {unknown}
 m - an uncursed ring of magical power {unknown}
 t - an uncursed ring of protection from cold
 w - an uncursed amulet of reflection {unknown}
Scrolls
 e - a scroll of magic mapping {unknown}
 h - 2 scrolls of fog {unknown}
 k - 6 scrolls of identify {unknown}
 n - a scroll of enchant weapon {unknown}
 o - a scroll of blinking {unknown}
 p - a scroll of fear {unknown}
 q - 3 scrolls of remove curse {unknown}
 r - a scroll of noise {unknown}
 v - a scroll of random uselessness {unknown}
Potions
 d - 2 potions of might
 f - 2 potions of curing
 g - a potion of resistance {unknown}
 i - 3 potions of flight {unknown}
 l - a potion of brilliance {unknown}
 s - a potion of haste {unknown}


   Skills:
 + Level 4.5 Fighting
 + Level 6.1 Axes
 + Level 4.9 Armour
 + Level 1.3 Dodging
 + Level 0.5 Stealth
 + Level 4.8 Shields


You had 6 spell levels left.
You didn't know any spells.
Your spell library was empty.

Dungeon Overview and Level Annotations

Branches:
Dungeon (4/15)
 Temple: D:4-7

Altars:
Ashenzari
Elyvilon
Fedhas
Makhleb
Xom

Annotations:
D:4 Blork the orc


Message History

You closely miss the adder.
The adder is moderately wounded.
The adder bites you but does no damage.
The orc wizard gestures at itself while chanting.
The orc wizard flickers and vanishes!
Deactivating autopickup; reactivate with Ctrl-A.
You miss the adder.
The adder is moderately wounded.
The adder barely misses you. x2
You slash the adder!
You kill the adder!
Something hits you but does no damage.
Okay, then.
The orc priest calls down the wrath of Beogh upon you.
Beogh smites you!
* * * LOW HITPOINT WARNING * * *
Blork the orc miscasts a cantrip.
The orc priest mumbles some strange prayers to Beogh against you.
Beogh smites you!
You die...

#..##...### #..##.#
#o#.......#####..##.#
#o#.!............##.####
#.#.....................
#o###...............####
#O# #...##.####.##..# #
#.# ######[# #.##..# #
#..###o########.#
#.##..# ##
.........O...@...#
#.##..###.
.........#########
#.#....).) ########.#
#..#.#.#)) #.# .........
#.# #.#.#.#.. #.#
....##.. ..# ###.# #..
### ## #.. #..


You could see an ogre and an orc priest.

Vanquished Creatures
  A sky beast (D:2)
  A phantom (D:3)
  An orc priest (D:4)
  A hound (D:2)
  A worker ant (D:4)
  5 gnolls
  6 adders
  An ooze (D:2)
  An adder skeleton (D:4)
  2 worms (D:3)
  2 dart slugs
  4 leopard geckos
  6 orcs
  3 giant cockroaches
  7 goblins
  12 hobgoblins
  7 kobolds
  2 quokkas
  A ball python (D:4)
  9 bats
  3 frilled lizards
  7 rats
83 creatures vanquished.

Notes
Turn   | Place    | Note
-------+----------+-------------------------------------------
     0 | D:1      | Marvel the Hill Orc Fighter began the quest for the Orb.
     0 | D:1      | Reached XP level 1. HP: 19/19 MP: 1/1
    29 | D:1      | Reached XP level 2. HP: 27/27 MP: 2/2
   222 | D:1      | Reached skill level 3 in Axes
   435 | D:1      | Reached XP level 3. HP: 33/33 MP: 3/3
   908 | D:2      | Reached XP level 4. HP: 32/40 MP: 4/4
  1001 | D:2      | Noticed a sky beast
  1031 | D:2      | Killed a sky beast
  1032 | D:2      | Reached skill level 4 in Axes
  1032 | D:2      | Reached skill level 1 in Dodging
  1032 | D:2      | Reached XP level 5. HP: 8/46 MP: 5/5
  1534 | D:2      | Found a burning altar of Makhleb.
  1546 | D:2      | Reached XP level 6. HP: 46/52 MP: 6/6
  1610 | D:2      | Found a white marble altar of Elyvilon.
  2027 | D:3      | Noticed a phantom
  2065 | D:3      | Killed a phantom
  2066 | D:3      | Reached skill level 5 in Axes
  2194 | D:3      | Found a faded altar of an unknown god.
  2412 | D:3      | Found a broken altar of Ashenzari.
  2493 | D:3      | Found a blossoming altar of Fedhas.
  2493 | D:3      | Found a shimmering altar of Xom.
  2655 | D:4      | Reached skill level 6 in Axes
  2660 | D:4      | Reached XP level 7. HP: 50/60 MP: 7/7
  2782 | D:4      | Noticed Blork the orc
  2806 | D:4      | Killed from afar by an orc priest

Illustrated notes

Levels and vault maps discovered:
D:1:      dpeg_arrival_ternary, layout_basic
D:2:      layout_rooms, makhleb_heckhound_becter, elyvilon_altar_1
D:3:      layout_rooms, nicolae_overflow_hidden_temple,
          chequers_ecumenical_altar_lobes
D:4:      layout_loops_ring, kennysheep_slug_shrine, uniq_blork_the_orc

Skill      XL: |  1  2  3  4  5  6 |
---------------+-------------------+-----
Fighting       | 4 |  4.5
Axes           | 3 4 6 |  6.1
Armour         | 4 |  4.9
Dodging        | 1 |  1.3
Shields        | 4 |  4.8
Stealth        | |  0.5

Action                   |  1- 3 |  4- 6 |  7- 9 || total
-------------------------+-------+-------+-------++-------
Melee: War axe           |    85 |   190 |    14 ||   289
  Use: Potion            |       |     1 |       ||     1
Armor: Scale mail        |    64 |    70 |    10 ||   144
Dodge: Dodged            |    44 |    60 |     7 ||   111
Block: Kite shield       |    56 |   100 |    11 ||   167
